 Dungeon Crawl Stone Soup version 0.28.0-53-g5a82cb258f (webtiles) character file.

Game seed: 17891385622368626285

13797 unlimited1921 the Thaumaturge (level 12, -1/75 HPs)
             Began as a Gargoyle Fire Elementalist on May 31, 2022.
             Was an Initiate of Yredelemnul.
             Slain by an orc warrior
             ... wielding a +0 short sword
              (18 damage)
             ... on level 2 of the Orcish Mines.
             The game lasted 01:59:43 (24675 turns).

unlimited1921 the Thaumaturge (GrFE)               Turns: 24675, Time: 01:59:48

Health: -1/75      AC: 25    Str: 14    XL:     12   Next: 9%
Magic:  8/25       EV: 15    Int: 22    God:    Yredelemnul [......]
Gold:   604        SH:  0    Dex: 10    Spells: 10/29 levels left

rFire   . . .      SeeInvis .   k - +7 battleaxe (freeze)
rCold   . . .      Faith    .   (shield currently unavailable)
rNeg    + . .      Spirit   .   f - +0 acid dragon scales
rPois   ∞          Reflect  .   s - +2 helmet {Int+3}
rElec   +          Harm     .   d - scarf {repulsion}
rCorr   +          Rampage  .   b - +0 pair of gloves
Will    .....                   y - +0 pair of boots
Stlth   ++........              c - amulet of the acrobat
HPRegen 0.22/turn               p - +4 ring of protection
MPRegen 0.19/turn               l - +4 ring of evasion

@: repel missiles
A: sickness immunity, AC +8, negative energy resistance 1, electricity
resistance, torment resistance 1, petrification resistance
a: Renounce Religion, Recall Undead Harvest


You were on level 2 of the Orcish Mines.
You worshipped Yredelemnul.
Yredelemnul was noncommittal.
You visited 3 branches of the dungeon, and saw 13 of its levels.

You collected 1054 gold pieces.
You spent 450 gold pieces at shops.

Inventory:

Hand Weapons
 i - a +2 dire flail of protection
 k - a +7 battleaxe of freezing (weapon)
 r - a +0 dagger of venom
 u - a +0 great mace of protection
 D - a +0 war axe of electrocution
 E - a +4 whip of electrocution
 T - a +2 trident of protection
 Y - a +4 vorpal hand axe
Missiles
 h - 12 poisoned darts
 j - 348 stones
 w - 8 boomerangs
 C - 2 throwing nets
 H - 2 datura-tipped darts
 J - 6 javelins
 S - 3 boomerangs of dispersal
Armour
 b - a +0 pair of gloves (worn)
 d - a scarf of repulsion (worn)
 f - +0 acid dragon scales (worn)
 s - a +2 helmet of intelligence (worn)
 y - a +0 pair of boots (worn)
 L - a +0 tower shield
 R - a +2 leather armour of cold resistance
Jewellery
 c - an amulet of the acrobat (around neck)
 l - a +4 ring of evasion (right hand)
 p - a +4 ring of protection (left hand)
 P - a ring of see invisible
Wands
 I - a wand of iceblast (11) (quivered)
 K - a wand of digging (1)
 V - a wand of flame (27)
 Z - a wand of acid (7)
Scrolls
 e - a scroll of acquirement {unknown}
 g - a scroll of summoning
 m - a scroll of vulnerability {unknown}
 t - 3 scrolls of magic mapping
 F - a scroll of immolation
 M - 3 scrolls of fog
 O - a scroll of silence
Potions
 a - 2 potions of magic {unknown}
 n - a potion of berserk rage {unknown}
 o - 2 potions of ambrosia
 q - 2 potions of curing
 v - 5 potions of flight
 x - a potion of heal wounds
 z - 2 potions of haste
 A - a potion of resistance
 B - a potion of might
 G - 3 potions of lignification
 N - a potion of invisibility {unknown}
 U - a potion of brilliance
 X - 2 potions of attraction {unknown}
Miscellaneous
 W - a tin of tremorstones (2/2)


   Skills:
 * Level 8.5 Fighting
 * Level 3.5(3.6) Axes
 + Level 1.1(2.7) Maces & Flails
 + Level 3.0 Throwing
 + Level 4.0 Armour
 + Level 2.7 Dodging
 + Level 3.4 Stealth
 * Level 7.0 Shields
 * Level 9.3 Spellcasting
 + Level 4.7 Conjurations
 + Level 3.5 Hexes
 + Level 9.1 Fire Magic
 + Level 0.2 Evocations


You had 10 spell levels left.
You knew the following spells:

 Your Spells              Type           Power      Damage    Failure   Level
a - Foxfire               Conj/Fire      100%       2x1d9     1%          1
b - Scorch                Fire           100%       2d10      1%          2
c - Inner Flame           Hex/Fire       38%        N/A       1%          3
d - Flame Wave            Conj/Fire      40%        2d9       5%          4
e - Conjure Flame         Conj/Fire      40%        6-21      1%          3
f - Summon Guardian Gole  Hex/Summ       18%        N/A       13%         3
g - Call Canine Familiar  Summ           10%        N/A       26%         3

Your spell library contained the following spells:

 Spells                   Type           Power      Damage    Failure   Level
 Summon Small Mammal      Summ           40%        N/A       9%          1
 Petrify                  Tmut/Erth      10%        N/A       65%         4
 Irradiate                Conj/Tmut      10%        3d17      67%         5
 Alistair's Intoxication  Tmut/Pois      6%         N/A       94%         5
 Borgnjor's Vile Clutch   Necr/Erth      5%         N/A       94%         5
 Eringya's Noxious Bog    Tmut/Pois      5%         N/A       100%        6
 Sublimation of Blood     Necr           Unusable   N/A       N/A         2

Dungeon Overview and Level Annotations

Branches:
Dungeon (10/15)            Temple (1/1) D:4            Lair (0/6) D:10
    Orc (2/2) D:10            Elf (0/3) Orc:2

Altars:
Cheibriados
Dithmenos
Elyvilon
Fedhas
Gozag
Kikubaaqudgha
Makhleb
Nemelex Xobeh
Okawaru
Qazlal
Ru
Sif Muna
Uskayaw
Vehumet
Wu Jian
Xom
Yredelemnul
Zin
The Shining One
Beogh

Shops:
D:6 (   Orc:1 =


Innate Abilities, Weirdness & Mutations

You are immune to sickness and miasma.
Your stone body is resilient. (AC +8)
You are immune to poison.
You resist negative energy. (rN+)
You are resistant to electric shocks. (rElec)
You are resistant to unholy torment.
You are immune to petrification.


Message History

Flames lash the orc knight.
Flame seeps out of the orc knight.
The orc knight is moderately wounded.
The orc knight's fire resistance burns away.
You hear a shout! x2
The orc knight is engulfed in blazing flames.
Flame seeps out of the orc knight.
The orc knight roars a battlecry!
The orc warlord goes into a battle-frenzy!
Casting: Scorch (safe; 1% risk of failure)
Confirm with . or Enter, or press ? or * to list all spells.
Flames lash the orc knight.
The orc knight is burned terribly!
Flame seeps out of the orc knight.
The orc knight is heavily wounded.
You hear a shout!
The orc knight is engulfed in blazing flames.
Flame seeps out of the orc knight.
Casting: Scorch (safe; 1% risk of failure)
Confirm with . or Enter, or press ? or * to list all spells.
You conjure some foxfire!
The orc warlord hits you with a +0 war axe!!
The orc warlord barely misses your foxfire.
The orc warrior misses you.
The orc knight hits you with a +0 dire flail of protection!
The foxfire hits the orc warlord but does no damage. x2
Things that are here:
a +0 glaive; a +0 chain mail
Casting: Foxfire (safe; 1% risk of failure)
Confirm with . or Enter, or press ? or * to list all spells.
You conjure some foxfire!
The orc warlord hits you with a +0 war axe!!
* * * LOW HITPOINT WARNING * * *
As you read the scroll of fear, it crumbles to dust.
You assume a fearsome visage.
The orc warlord looks frightened!
The orc warrior looks frightened!
The foxfire hits the orc warrior but does no damage.
Your attack snaps the orc warrior out of its fear.
The foxfire hits the orc warrior but does no damage.
The orc warrior hits you with a +0 short sword!!
You die...
Your body rises from the dead as a mindless zombie.

....... #.....# #.....# ..# .#.
#.....# ..##... #8...8# .......
###.....## #......#. #.....o..##
.#......# ##.§#[....# .......##
#..§@o.#.## .#....#.##
#.)...#...#
..#......#####<...#..##
..........##..)..#...##
..........).)..###....### .
..........#.)).##....##.##.#
..........#..)##............
...........#.#.##........#.## #
...........#........_......#.###.


You could see an orc warlord (inner flame, strong, fleeing) and an orc warrior
(inner flame, strong).

Vanquished Creatures
  A boulder beetle (D:10)
  2 two-headed ogres
  A centaur warrior (D:9)
  A death knight (D:8)
  An orc high priest (Orc:2)
  Nergalle (D:10)
  A skeletal warrior (D:8)
  An orc sorcerer (Orc:2)
  A spectral boulder beetle (D:10)
  Maggie (D:6)
  An unseen horror (D:10)
  2 freezing wraiths (D:8)
  4 trolls
  A wraith (D:10)
  A wyvern (D:7)
  8 yaks (D:10)
  3 vampire mosquitoes (D:10)
  A steam dragon (D:7)
  Menkaure (D:4)
  A warg (Orc:2)
  2 water moccasins
  An ice beast (D:5)
  2 spectral yaks (D:10)
  A black bear (D:6)
  11 orc warriors
  A necrophage (D:7)
  The ghost of pkoi the Insei, an amateur DgGl (D:3)
  3 centaurs
  6 ogres
  2 phantoms
  A vampire mosquito zombie (D:10)
  Blork the orc (Orc:2)
  A bullfrog (D:8)
  3 scorpions
  A water moccasin skeleton (D:5)
  A yak zombie (D:10)
  3 killer bees (D:7)
  8 wights (D:9)
  4 howler monkeys
  A spectral bullfrog (D:8)
  2 centaur zombies
  3 hounds
  4 orc priests
  2 centaur skeletons
  6 iguanas
  7 orc wizards
  3 killer bee zombies
  A howler monkey zombie (D:9)
  Robin (D:2)
  7 gnolls
  8 adders
  2 shadow imps (D:5)
  A white imp (D:7)
  An adder zombie (D:6)
  An adder skeleton (D:4)
  A spectral white imp (D:7)
  A worm (D:5)
  37 orcs
  7 endoplasms
  3 giant cockroaches
  18 goblins
  8 hobgoblins
  2 jackals (D:2)
  5 quokkas
  6 ball pythons
  5 bats
  4 frilled lizards
  7 kobolds
  7 orc zombies
  6 rats
  5 spectral orcs
  A bush (D:6)
260 creatures vanquished.

Vanquished Creatures (collateral kills)
  A vampire mosquito (D:10)
  2 killer bees (D:7)
  A howler monkey (D:7)
  2 orc priests
  An orc (D:6)
  2 foxfires
9 creatures vanquished.

Vanquished Creatures (others)
  A spectral yak (D:10)
  A vampire mosquito zombie (D:10)
  A centaur zombie (D:10)
  A killer bee zombie (D:7)
  A necrophage zombie (D:7)
  A howler monkey zombie (D:9)
  6 orc zombies
  2 spectral orcs
  705 foxfires
  6 fungi (D:10)
  15 plants
740 creatures vanquished.

Grand Total: 1009 creatures vanquished

Notes
Turn   | Place    | Note
-------+----------+-------------------------------------------
     0 | D:1      | unlimited1921 the Gargoyle Fire Elementalist began the
                  | quest for the Orb.
     0 | D:1      | Reached XP level 1. HP: 10/10 MP: 3/3
   188 | D:1      | Found a faded altar of an unknown god.
   242 | D:1      | Reached XP level 2. HP: 15/15 MP: 1/5
  1422 | D:1      | Reached XP level 3. HP: 19/19 MP: 3/6
  2646 | D:2      | Noticed Robin
  2656 | D:2      | Killed Robin
  2661 | D:2      | Reached skill level 1 in Fighting
  2780 | D:2      | Reached XP level 4. HP: 25/25 MP: 2/8
  4660 | D:2      | Learned a level 2 spell: Scorch
  4664 | D:2      | Learned a level 3 spell: Inner Flame
  4749 | D:3      | Reached XP level 5. HP: 29/29 MP: 0/9
  4937 | D:3      | Noticed pkoi's ghost (amateur DgGl)
  4955 | D:3      | Found a runed translucent door.
  5639 | D:3      | Found a glowing golden altar of the Shining One.
  5727 | D:3      | Killed pkoi's ghost
  5728 | D:3      | Reached skill level 1 in Throwing
  5728 | D:3      | Reached XP level 6. HP: 35/35 MP: 0/11
  5877 | D:4      | Noticed Menkaure
  5880 | D:4      | Killed Menkaure
  6652 | D:5      | Entered Level 5 of the Dungeon
  6669 | D:5      | Reached XP level 7. HP: 38/40 MP: 1/12
  7264 | D:5      | Reached skill level 5 in Fire Magic
  7669 | D:5      | Reached XP level 8. HP: 46/46 MP: 3/15
  9650 | D:4      | Found a staircase to the Ecumenical Temple.
  9815 | Temple   | Entered the Ecumenical Temple
  9871 | Temple   | Became a worshipper of Yredelemnul the Dark
  9916 | D:4      | Found an opulent altar of Gozag.
 10285 | D:4      | Found a glowing silver altar of Zin.
 10767 | D:6      | Noticed Maggie
 10772 | D:6      | Killed Maggie
 10773 | D:6      | Reached skill level 1 in Armour
 10773 | D:6      | Reached skill level 1 in Shields
 10773 | D:6      | Reached skill level 5 in Spellcasting
 10945 | D:6      | Found a sparkling altar of Nemelex Xobeh.
 11263 | D:6      | Reached * piety under Yredelemnul
 11312 | D:6      | Reached ** piety under Yredelemnul
 11312 | D:6      | Reached XP level 9. HP: 52/52 MP: 6/17
 11529 | D:6      | Found Peixigon's Antique Weapon Shoppe.
 12178 | D:6      | Reached skill level 5 in Fighting
 12229 | D:6      | Reached *** piety under Yredelemnul
 12965 | D:7      | Reached skill level 1 in Maces & Flails
 13481 | D:7      | Reached skill level 1 in Hexes
 13993 | D:7      | Found a snail-covered altar of Cheibriados.
 14043 | D:7      | Found a blossoming altar of Fedhas.
 14163 | D:8      | Noticed a two-headed ogre
 14192 | D:8      | Killed a two-headed ogre
 14193 | D:8      | Reached XP level 10. HP: 60/60 MP: 0/20
 14362 | D:8      | Learned a level 4 spell: Flame Wave
 15363 | D:8      | Found an iron altar of Okawaru.
 15390 | D:8      | Noticed a skeletal warrior
 15404 | D:8      | Killed a skeletal warrior
 15448 | D:8      | Noticed a death knight
 15822 | D:8      | Killed a death knight
 15823 | D:8      | Reached skill level 5 in Shields
 16965 | D:9      | Noticed a centaur warrior
 16970 | D:9      | Killed a centaur warrior
 17136 | D:9      | You fall into a shaft and drop 1 floor!
 17136 | D:10     | Entered Level 10 of the Dungeon
 17294 | D:10     | Noticed a boulder beetle
 17315 | D:10     | Reached XP level 11. HP: 17/67 MP: 0/22
 17318 | D:10     | Killed a boulder beetle
 17563 | D:9      | Learned a level 3 spell: Conjure Flame
 20131 | D:10     | Noticed a two-headed ogre
 20142 | D:10     | Killed a two-headed ogre
 20143 | D:10     | Reached skill level 1 in Axes
 20254 | D:10     | Found a staircase to the Lair.
 20790 | D:10     | Found an ornate altar of the Wu Jian Council.
 20819 | D:10     | Noticed Nergalle
 20829 | D:10     | Killed Nergalle
 21119 | D:10     | Found a staircase to the Orcish Mines.
 21928 | D:10     | Learned a level 3 spell: Summon Guardian Golem
 21932 | D:10     | Learned a level 3 spell: Call Canine Familiar
 21933 | Orc:1    | Entered Level 1 of the Orcish Mines
 23091 | Orc:1    | Found Ilou's Jewellery Boutique.
 23094 | Orc:1    | Bought an amulet of the acrobat for 450 gold pieces
 23173 | Orc:2    | Entered Level 2 of the Orcish Mines
 23173 | Orc:2    | Found a staircase to the Elven Halls.
 23893 | Orc:2    | Noticed an orc sorcerer
 23903 | Orc:2    | Killed an orc sorcerer
 24164 | Orc:2    | Noticed an orc high priest
 24178 | Orc:2    | Killed an orc high priest
 24179 | Orc:2    | Reached XP level 12. HP: 38/74 MP: 5/25
 24356 | Orc:2    | Noticed Blork the orc
 24362 | Orc:2    | Killed Blork the orc
 24664 | Orc:2    | Noticed an orc warlord
 24675 | Orc:2    | Slain by an orc warrior

Illustrated notes

Levels and vault maps discovered:
D:1:      amcnicky_arrival_abandoned_market, layout_basic,
          hellmonk_ecumenical_altar_lost_god, hex_large, dk_noncrumbling_4
D:2:      layout_rooms, uniq_robin
D:3:      layout_basic, mainiacjoe_overflow_alcove_1,
          hellmonk_ghost_happy_afterlife, fountainhead,
          nicolae_elevator_lobby_plus
D:4:      layout_loops_ring, pdpol_temple_overflow_zin_treasury_gozag_greed,
          minmay_temple_entry_nine_rooms, uniq_menkaure
D:5:      layout_basic
D:6:      layout_basic, mainiacjoe_overflow_alcove_4, serial_shops,
          kennysheep_mini_moat, minivault_1, uniq_maggie
D:7:      layout_loops_ring, mainiacjoe_overflow_big_doors,
          hangedman_abyss_or_decor_passed
D:8:      layout_layer_cave, mainiacjoe_overflow_small_starburst
D:9:      layout_basic, enter_bailey_2
D:10:     layout_irregular_city, mainiacjoe_overflow_chevrons,
          dpeg_oklobed_lair, orc_0_dummy, serial_column_ruins,
          column_ruins_circle_medium, column_ruins_hut_water,
          column_ruins_grid_4, column_ruins_columns_straight,
          column_ruins_grid_1, column_ruins_columns_corner,
          column_ruins_open_tiny, column_ruins_columns_straight,
          minmay_rotating_lava, uniq_nergalle
Temple:   eino_narrow_crystal_temple
Orc:1:    layout_caves, serial_shops, nicolae_shop_window_shopping,
          library_closet
Orc:2:    grunt_orc_cross, layout_caves, basic_altar, minmay_orc_temple_b

Skill      XL: |  1  2  3  4  5  6  7  8  9 10 11 |
---------------+----------------------------------+-----
Fighting       | 1 2 3 4 6 7 8 |  8.5
Conjurations   | 2 3 4 |  4.7
Spellcasting   | 3 4 5 6 7 9 |  9.3
Dodging        | 2 |  2.7
Throwing       | 1 2 3 |  3.0
Fire Magic     | 4 5 6 7 8 9 |  9.1
Stealth        | 3 |  3.4
Armour         | 2 3 4 |  4.0
Shields        | 2 4 6 7 |  7.0
Maces & Flails | 1 |  1.1
Hexes          | 2 3 |  3.5
Axes           | 3 |  3.5
Evocations     | |  0.2

Action                   |  1- 3 |  4- 6 |  7- 9 | 10-12 || total
-------------------------+-------+-------+-------+-------++-------
Melee: Unarmed           |     1 |       |       |       ||     1
       Dagger            |    26 |     4 |       |       ||    30
       Hand axe          |       |    16 |       |     9 ||    25
       Whip              |       |       |    62 |     3 ||    65
       Punch             |       |       |     1 |       ||     1
       Battleaxe         |       |       |       |    57 ||    57
Throw: Dart              |     3 |     2 |     3 |       ||     8
 Cast: Foxfire           |    71 |    74 |   103 |   189 ||   437
       Scorch            |       |    23 |    67 |    75 ||   165
       Inner Flame       |       |       |    22 |    51 ||    73
       Flame Wave        |       |       |       |     3 ||     3
       Call Canine Famil |       |       |       |     1 ||     1
       Summon Guardian G |       |       |       |     1 ||     1
Evoke: Wand              |       |       |       |     7 ||     7
  Use: Scroll            |       |     5 |     5 |    15 ||    25
       Potion            |       |       |     5 |     4 ||     9
Armor: Robe              |    16 |    25 |    10 |       ||    51
       Leather armour    |       |       |    11 |       ||    11
       Acid dragon scale |       |       |    16 |   114 ||   130
Dodge: Dodged            |    36 |    36 |    40 |   137 ||   249
       Repelled          |       |       |       |     2 ||     2
